[Event "Titled Tuesday Blitz June 13 Late 2023"]
[White "Balla, Tamas-Kristof"]
[Black "Piesik, Piotr"]
[WhiteFideId "1208497"]
[BlackFideId "1136194"]
[WhiteElo "2334"]
[BlackElo "2303"]
[Result "0-1"]
[Round "8"]
[TimeControl "180+2"]
[Date "2023.06.13"]
[WhiteClock "0:00:02"]
[BlackClock "0:00:57"]
[Board "79"]

1. e4 g6 2. d4 Bg7 3. Nc3 c6 4. f4 d5 5. e5 Nh6 6. Bd3 Bg4 7. Nf3 Nf5 8. h3 Bxf3 9. Qxf3 Nxd4 10. Qf2 c5 11. Be3 Nbc6 12. O-O e6 13. Kh1 h5 14. Rad1 b6 15. Nb5 Nxb5 16. Bxb5 Qc7 17. c3 a6 18. Ba4 O-O-O 19. b4 b5 20. Bc2 d4 21. cxd4 Nxb4 22. dxc5 Rxd1 23. Rxd1 Rd8 24. Rb1 Nd5 25. Be4 Nc3 26. Rb4 a5 27. Rb3 Nxe4 28. Qf3 Qc6 29. Rxb5 Qxb5 30. Qxe4 Rd5 31. c6 Qxc6 32. Qb1 Bf8 0-1


[Site "https://www.chess.com"]

[Event "Titled Tuesday Blitz June 13 Late 2023"]
[White "Zomorrodian, Eilia"]
[Black "Prydun, Andriy"]
[WhiteFideId "12551805"]
[BlackFideId "14145898"]
[WhiteElo "2069"]
[BlackElo "2164"]
[Result "0-1"]
[Round "8"]
[TimeControl "180+2"]
[Date "2023.06.13"]
[WhiteClock "0:00:03"]
[BlackClock "0:00:03"]
[Board "80"]

1. e4 c6 2. d4 d5 3. exd5 cxd5 4. c4 Nf6 5. Nc3 Nc6 6. c5 e5 7. Bb5 exd4 8. Qxd4 Qe7+ 9. Be3 Bd7 10. Bxc6 bxc6 11. Nf3 Ng4 12. O-O Nxe3 13. Rfe1 Qxc5 14. Rxe3+ Be6 15. Qe5 Bd6 16. Qxg7 O-O-O 17. b4 Qxb4 18. Rb1 Qg4 19. Qd4 Qxd4 20. Nxd4 Kc7 21. Nxe6+ fxe6 22. Rxe6 Rhe8 23. Rh6 Rd7 24. g3 Be5 25. Rc1 Rg8 26. Kf1 a6 27. Na4 Rg6 28. Rxg6 hxg6 29. Nc5 Rh7 30. Nxa6+ Kd6 31. h4 Ra7 32. Nb4 c5 33. Nd3 Bd4 34. Rc2 c4 35. Nf4 Be5 36. Nxg6 Bf6 37. Nf4 Kc5 38. Ke2 Ra3 39. Kd2 d4 40. h5 d3 41. Rc1 Bg5 42. Kd1 Rxa2 43. Nxd3+ Kd4 44. Ne1 Rd2# 0-1


[Site "https://www.chess.com"]

[Event "Titled Tuesday Blitz June 13 Late 2023"]
[White "Fantinel, Thibault"]
[Black "Slavin, Alexey"]
[WhiteFideId "663395"]
[BlackFideId "24104388"]
[WhiteElo "2316"]
[BlackElo "2264"]
[Result "1-0"]
[Round "8"]
[TimeControl "180+2"]
[Date "2023.06.13"]
[WhiteClock "0:00:06"]
[BlackClock "0:00:01"]
[Board "81"]

1. e3 Nc6 2. d4 e5 3. Nf3 d6 4. Bb5 exd4 5. exd4 Bd7 6. O-O Nf6 7. Bg5 Be7 8. Nbd2 O-O 9. h3 a6 10. Bd3 Nb4 11. Be2 Bf5 12. c3 Nbd5 13. Nh4 Bd7 14. Bd3 h6 15. Bxf6 Bxf6 16. Nf5 Nf4 17. Bc2 Qc8 18. Qg4 Ng6 19. Nf3 Ne7 20. Nxh6+ Kh8 21. Qh5 g6 22. Nxf7+ Kg7 23. Qh6+ Kxf7 24. Rae1 d5 25. Qh7+ Ke8 26. Bxg6+ Kd8 27. Ne5 Be6 28. Bd3 c6 29. Re3 Qd7 30. Rfe1 Qc7 31. Ng6 Nxg6 32. Qxg6 Bd7 33. Bf5 Bxf5 34. Re8+ Kd7 35. Qxf5+ Kd6 36. Qe6# 1-0


[Site "https://www.chess.com"]

[Event "Titled Tuesday Blitz June 13 Late 2023"]
[White "Pinheiro, Iung Alicio de O."]
[Black "GAO"]
[WhiteFideId "2104350"]
[WhiteElo "2283"]
[BlackElo "2390"]
[Result "0-1"]
[Round "8"]
[TimeControl "180+2"]
[Date "2023.06.13"]
[WhiteClock "0:00:08"]
[BlackClock "0:00:09"]
[Board "82"]

1. d4 Nf6 2. c4 e6 3. g3 d5 4. Nf3 Bb4+ 5. Nbd2 O-O 6. Bg2 dxc4 7. Qc2 b5 8. a4 Bb7 9. axb5 Qd5 10. O-O Qxb5 11. Nxc4 Be4 12. Qb3 Bd5 13. Na3 Qb7 14. Qd1 c5 15. Bg5 Nbd7 16. Nh4 Bxg2 17. Nxg2 Qd5 18. Be3 cxd4 19. Qxd4 Qxd4 20. Bxd4 Rfc8 21. Rfc1 Nc5 22. Rc4 Nb3 23. Rxb4 Nxa1 24. Bc3 a5 25. Rb7 a4 26. Ne3 Nb3 27. Kg2 Nd5 28. Nxd5 exd5 29. Nb5 d4 30. Nxd4 Nxd4 31. Bxd4 Rc2 32. Kf3 h6 33. h4 Rc4 34. e3 Rcc8 35. g4 a3 36. bxa3 Rxa3 37. h5 Ra6 38. Rd7 Re6 39. Kg3 Ra8 40. f4 Rc6 41. g5 hxg5 42. fxg5 Re6 43. g6 fxg6 44. Rxg7+ Kf8 45. hxg6 Raa6 46. Rf7+ Kg8 47. Rg7+ Kf8 48. Rf7+ Ke8 49. Rb7 Rxg6+ 50. Kf4 Rge6 51. Be5 Rac6 52. Kf5 Ra6 53. Bd4 Re7 54. Rb8+ Kf7 55. Rb5 Ree6 56. Kf4 Re7 57. Rf5+ Ke8 58. Rh5 Rf7+ 59. Ke4 Kd7 60. Kd3 Re6 61. Rd5+ Rd6 62. Ra5 Ke6 63. Re5+ Kd7 64. Ra5 Ke6 65. Ra4 Rfd7 66. Ke4 Ke7 67. Ra5 Kf7 68. Rf5+ Ke6 69. Rh5 Kf7 70. Rh7+ Kg6 71. Rh1 Kf7 72. Rf1+ Kg6 73. Rf2 Rf7 74. Rg2+ Kh7 75. Rh2+ Kg6 76. Rh8 Re7+ 77. Kd3 Kf7 78. Rh7+ Ke6 79. Rh6+ Kd7 80. Rh5 Rde6 81. Ke2 Re8 82. Kd3 Rd6 83. Ra5 Ke6 84. Ra1 Kd7 85. Kc4 Rc6+ 86. Kd3 Rd6 87. Rh1 Rde6 88. Rh7+ R8e7 89. Rh5 Rd6 90. e4 Kc8 91. e5 Rde6 92. Ke4 Kd7 93. Rh8 Re8 94. Rh1 R8e7 95. Ra1 Ke8 96. Ra8+ Kf7 97. Kf5 Kg7 98. Ra6 Rxa6 99. e6+ Kf8 100. Bc5 Rxe6 101. Kf4 Kf7 102. Bxe7 Rxe7 103. Kf5 Re6 104. Kf4 Kf6 105. Kg4 Re5 106. Kf3 Ke6 107. Kf4 Kd5 108. Kf3 Kd4 109. Kf4 Re8 110. Kf3 Rf8+ 111. Kg4 Ke4 112. Kg5 Rf1 113. Kg6 Ke5 114. Kg7 Ke6 115. Kg8 Ke7 116. Kg7 Rg1+ 117. Kh6 Kf6 118. Kh5 Rg5+ 119. Kh4 Rg8 120. Kh3 Kf5 121. Kh4 Rg7 122. Kh3 Kf4 123. Kh2 Kf3 124. Kh1 Kf2 0-1


[Site "https://www.chess.com"]

[Event "Titled Tuesday Blitz June 13 Late 2023"]
[White "Adury, Anant"]
[Black "Deng, Henry"]
[WhiteFideId "30964687"]
[BlackFideId "30965454"]
[WhiteElo "2363"]
[BlackElo "2550"]
[Result "1-0"]
[Round "8"]
[TimeControl "180+2"]
[Date "2023.06.13"]
[WhiteClock "0:01:40"]
[BlackClock "0:01:40"]
[Board "83"]

1. Nf3 d5 2. g3 Nf6 3. Bg2 g6 4. O-O Bg7 5. b3 O-O 6. Bb2 Nbd7 7. c4 c6 8. Ne5 Qc7 9. Nxd7 Bxd7 10. d3 e5 11. Nd2 Rfe8 12. Rc1 Qd6 13. a3 a5 14. Qc2 Rac8 15. Qb1 b5 16. cxb5 cxb5 17. Rxc8 Rxc8 18. Rc1 Rxc1+ 19. Qxc1 h6 20. Nf3 Ne8 21. d4 e4 22. Ne5 Kh7 23. Nxd7 Qxd7 24. e3 Bf8 25. Bf1 Nc7 26. Qd2 b4 27. a4 Ne6 28. Bh3 Ng5 29. Bxd7 Nf3+ 30. Kf1 Nxd2+ 31. Ke2 Nxb3 32. Kd1 f5 33. Kc2 Nc5 34. dxc5 Bxc5 35. Bd4 b3+ 36. Kxb3 Bb4 37. Bc3 1-0


[Site "https://www.chess.com"]

[Event "Titled Tuesday Blitz June 13 Late 2023"]
[White "Novikov, Evgenij"]
[Black "Burdalev, Kirill"]
[WhiteFideId "4125380"]
[BlackFideId "14121913"]
[WhiteElo "2242"]
[BlackElo "2236"]
[Result "1-0"]
[Round "8"]
[TimeControl "180+2"]
[Date "2023.06.13"]
[WhiteClock "0:00:21"]
[BlackClock "0:00:00"]
[Board "84"]

1. d4 Nf6 2. Bf4 d5 3. e3 c5 4. c3 Nc6 5. Nd2 Qb6 6. Qb3 c4 7. Qxb6 axb6 8. a3 b5 9. Rc1 Bf5 10. h3 Nd7 11. g4 Bg6 12. Bg2 e6 13. e4 Nb6 14. exd5 exd5 15. Ne2 Kd7 16. O-O Bd6 17. Bxd6 Kxd6 18. Nf4 Na4 19. Nxg6 hxg6 20. Rc2 Rae8 21. Nf3 f6 22. Rb1 Na5 23. Kf1 g5 24. Ng1 Nb3 25. Ne2 Re7 26. Ng3 g6 27. Re1 Rhe8 28. Rxe7 Rxe7 29. Ne2 Nb6 30. f4 Re3 31. fxg5 fxg5 32. Kf2 Rd3 33. Ke1 Na4 34. Ng1 Na5 35. Nf3 Nc6 36. Nxg5 Nd8 37. Re2 b6 38. Bf1 Nxc3 39. Re5 Rd1+ 40. Kf2 Ne4+ 41. Nxe4+ dxe4 42. Rxe4 Ne6 43. h4 Rxd4 44. Bg2 Rxe4 45. Bxe4 g5 46. h5 1-0


[Site "https://www.chess.com"]

[Event "Titled Tuesday Blitz June 13 Late 2023"]
[White "Camilla_Lee"]
[Black "Kornyukov, Alexey"]
[BlackFideId "4150457"]
[WhiteElo "2540"]
[BlackElo "2352"]
[Result "0-1"]
[Round "8"]
[TimeControl "180+2"]
[Date "2023.06.13"]
[WhiteClock "0:01:27"]
[BlackClock "0:00:15"]
[Board "85"]

1. e4 c5 2. Nf3 Nc6 3. d4 cxd4 4. Nxd4 Nf6 5. Nc3 e5 6. Ndb5 d6 7. Bg5 a6 8. Na3 b5 9. Nd5 Be7 10. Bxf6 Bxf6 11. c3 O-O 12. Nc2 Bg5 13. Bd3 Ne7 14. a4 bxa4 15. Rxa4 Nxd5 16. exd5 f5 17. Qe2 a5 18. Bb5 Bb7 19. Bc4 Qb6 20. b3 Qc5 21. Qd3 e4 22. Qd4 Bf6 23. Qxc5 Bxc3+ 24. Ke2 dxc5 25. g3 Rfd8 26. Ne3 g6 27. f3 exf3+ 28. Kxf3 Bd4 29. Re1 Bxe3 30. Rxe3 Bxd5+ 31. Bxd5+ Rxd5 32. Re7 Rd3+ 33. Kf4 Rxb3 34. Kg5 Rb4 35. Ra1 Re4 36. Rc7 Rae8 37. Rxa5 R8e7 38. Rcxc5 Kg7 0-1


[Site "https://www.chess.com"]

[Event "Titled Tuesday Blitz June 13 Late 2023"]
[White "Torres Dominguez, David"]
[Black "Kim, Sergey"]
[WhiteFideId "2220857"]
[BlackFideId "13700570"]
[WhiteElo "1999"]
[BlackElo "2540"]
[Result "0-1"]
[Round "8"]
[TimeControl "180+2"]
[Date "2023.06.13"]
[WhiteClock "0:00:09"]
[BlackClock "0:00:58"]
[Board "86"]

1. e4 e5 2. Bc4 Nf6 3. Nc3 Bc5 4. d3 Nc6 5. f4 d6 6. Nf3 Bg4 7. Na4 Bb6 8. Nxb6 axb6 9. h3 Bxf3 10. Qxf3 Nd4 11. Qf2 O-O 12. a3 b5 13. Ba2 c5 14. fxe5 dxe5 15. Bg5 h6 16. Bxf6 Qxf6 17. Qxf6 gxf6 18. Kd2 c4 19. c3 Ne6 20. dxc4 Rfd8+ 21. Ke3 Nf4 22. Rad1 Nxg2+ 23. Kf3 Nf4 24. cxb5 Nd3 25. Rhg1+ Kf8 26. Rg2 Nf4 27. Rgd2 Rxd2 28. Rxd2 Nxh3 29. Rd7 Ng5+ 30. Ke3 h5 31. b6 h4 32. Rxb7 h3 33. Kf2 Rd8 34. Bb3 Rd2+ 35. Ke3 Rxb2 36. Bd1 h2 37. Rb8+ Kg7 38. Bf3 Nxf3 0-1


[Site "https://www.chess.com"]

[Event "Titled Tuesday Blitz June 13 Late 2023"]
[White "Druska, Juraj"]
[Black "DampFalcon"]
[WhiteFideId "14915650"]
[WhiteElo "2415"]
[BlackElo "2226"]
[Result "1-0"]
[Round "8"]
[TimeControl "180+2"]
[Date "2023.06.13"]
[WhiteClock "0:01:28"]
[BlackClock "0:01:45"]
[Board "87"]

1. a3 c5 2. b4 cxb4 3. axb4 e6 4. Bb2 Bxb4 5. Bxg7 Be7 6. Bxh8 Bf6 7. Bxf6 Qxf6 8. Nc3 Ne7 9. e3 Nbc6 10. Qg4 d5 11. Nf3 Bd7 12. Qg5 Qh8 13. Be2 O-O-O 14. O-O Rg8 15. Qh4 Ng6 16. Qh6 Nge5 17. Nxe5 Qxe5 18. g3 d4 19. Nb5 a6 20. Na3 dxe3 21. Qxe3 Qg7 22. Nc4 h5 23. Nb6+ Kc7 24. Nxd7 Kxd7 25. Rfb1 Kc8 26. Qb6 f5 27. Bxa6 1-0


[Site "https://www.chess.com"]

[Event "Titled Tuesday Blitz June 13 Late 2023"]
[White "Kubatko, Ivan"]
[Black "Papasimakopoulos, Alexandros"]
[WhiteFideId "24111473"]
[BlackFideId "4244125"]
[WhiteElo "2285"]
[BlackElo "2359"]
[Result "0-1"]
[Round "8"]
[TimeControl "180+2"]
[Date "2023.06.13"]
[WhiteClock "0:00:00"]
[BlackClock "0:00:07"]
[Board "88"]

1. e4 e6 2. d4 d5 3. exd5 exd5 4. Nf3 Bg4 5. h3 Bh5 6. Qe2+ Qe7 7. Be3 Nc6 8. Nc3 O-O-O 9. g4 Bg6 10. O-O-O f6 11. Bg2 Qd7 12. Nh4 Bf7 13. f4 Bb4 14. Na4 Nge7 15. c3 Bd6 16. Nc5 Bxc5 17. dxc5 h6 18. Nf3 g5 19. Nd4 Rde8 20. Qf2 Rhf8 21. Rhe1 Ng6 22. Nf5 h5 23. fxg5 fxg5 24. Bxg5 Rxe1 25. Qxe1 hxg4 26. hxg4 Nge5 27. Ne7+ Kb8 28. Nxc6+ Nxc6 29. Qe2 Re8 30. Qf3 Ne5 31. Qf5 Qa4 32. Bxd5 Bg6 33. Bb3 Qxg4 34. Qxg4 Nxg4 35. Rd8+ Rxd8 36. Bxd8 Nf2 37. Be7 Kc8 38. Bc2 Bxc2 39. Kxc2 Kd7 40. Bf8 c6 41. b4 Ke6 42. Bg7 Kf5 43. Kb3 Ke4 44. a4 Kd3 45. Bd4 Ne4 46. b5 Nd2+ 47. Kb4 Nf3 48. Bf6 Nd2 49. a5 a6 50. bxc6 bxc6 51. Be7 Ne4 52. Bd6 Nxc3 53. Kb3 Ne4 54. Kb4 Kd4 55. Be7 Kd5 56. Bf8 Nf2 57. Be7 Nd3+ 58. Kc3 Nxc5 59. Bd8 Ne6 60. Bb6 c5 61. Kd3 Nd4 62. Kc3 Nb5+ 63. Kd3 c4+ 64. Kc2 Nd6 65. Kc3 Ne4+ 66. Kb4 Ng3 67. Bc7 Nf5 68. Bd8 Nd4 69. Bb6 Nc6+ 70. Kc3 Ne5 71. Bc7 Nd3 72. Bb6 Nc5 73. Kb4 Nd7 74. Kc3 Nc5 75. Kb4 Ne4 76. Ba7 Nd6 77. Bb6 Nb5 78. Ka4 Ke4 79. Kb4 Kd3 80. Bd8 c3 81. Bg5 c2 82. Kc5 Nd4 83. Kb6 Nb3 84. Kxa6 Nd2 85. Kb7 c1=Q 86. Bxd2 Qxd2 87. a6 Qb4+ 88. Kc7 Qc5+ 89. Kb7 Qb5+ 90. Ka7 Qc6 0-1


[Site "https://www.chess.com"]

[Event "Titled Tuesday Blitz June 13 Late 2023"]
[White "Rosen, Eric"]
[Black "Pein, Jonathan"]
[WhiteFideId "2032562"]
[BlackFideId "417092"]
[WhiteElo "2331"]
[BlackElo "2151"]
[Result "1-0"]
[Round "8"]
[TimeControl "180+2"]
[Date "2023.06.13"]
[WhiteClock "0:00:49"]
[BlackClock "0:00:00"]
[Board "89"]

1. d4 Nf6 2. Bf4 g6 3. Nc3 d5 4. e3 c6 5. h4 b5 6. Nf3 Bg4 7. Qd2 Nbd7 8. Ne5 Nxe5 9. Bxe5 Bg7 10. f3 Be6 11. h5 gxh5 12. Bd3 Qa5 13. a3 h6 14. O-O-O O-O-O 15. Kb1 Kb7 16. Ne4 Qxd2 17. Nc5+ Kb6 18. Rxd2 Bc8 19. a4 a6 20. b3 Ne8 21. Bb8 a5 22. b4 Ba6 23. bxa5+ Kxa5 24. Ba7 Ra8 25. Nb3+ Kxa4 26. Kb2 1-0


[Site "https://www.chess.com"]

[Event "Titled Tuesday Blitz June 13 Late 2023"]
[White "Goncalves, Davi Sulzbacher"]
[Black "Fisher_TheGalactic"]
[WhiteFideId "2154510"]
[WhiteElo "2182"]
[BlackElo "2676"]
[Result "0-1"]
[Round "8"]
[TimeControl "180+2"]
[Date "2023.06.13"]
[WhiteClock "0:00:00"]
[BlackClock "0:01:22"]
[Board "90"]

1. e4 e6 2. d4 d5 3. Nc3 Nf6 4. Bg5 Be7 5. e5 Nfd7 6. h4 Bxg5 7. hxg5 Qxg5 8. Nh3 Qe7 9. Nf4 a6 10. Qg4 g6 11. O-O-O c5 12. Ncxd5 exd5 13. Nxd5 Nb6 14. Nf6+ Qxf6 15. Qxc8+ Nxc8 16. exf6 cxd4 17. Re1+ Kf8 18. Rh4 Nd7 19. Rf4 Ncb6 20. g4 Re8 21. Rxe8+ Kxe8 22. g5 h6 23. Re4+ Kd8 24. Rxd4 hxg5 25. Bg2 Kc7 26. a4 a5 27. b4 Nxa4 28. Bxb7 axb4 29. Rxb4 Nac5 30. Bd5 Rh4 0-1


[Site "https://www.chess.com"]

[Event "Titled Tuesday Blitz June 13 Late 2023"]
[White "Hajiyev, Kanan"]
[Black "Carrasco Miranda, Andres"]
[WhiteFideId "13404148"]
[BlackFideId "3405990"]
[WhiteElo "2115"]
[BlackElo "2183"]
[Result "1-0"]
[Round "8"]
[TimeControl "180+2"]
[Date "2023.06.13"]
[WhiteClock "0:01:54"]
[BlackClock "0:02:00"]
[Board "91"]

1. d4 Nf6 2. Nf3 g6 3. c4 Bg7 4. g3 O-O 5. Bg2 d6 6. O-O Nc6 7. b3 Bf5 8. Bb2 Qd7 9. d5 Na5 10. Bc3 b6 11. Nbd2 Bh3 12. e4 Bxg2 13. Kxg2 c5 14. Rc1 Nh5 15. Qe2 Qg4 16. Qe3 Bh6 17. Qxh6 1-0


[Site "https://www.chess.com"]

[Event "Titled Tuesday Blitz June 13 Late 2023"]
[White "Sadovsky, Artem"]
[Black "Ozalp, Burak"]
[WhiteFideId "4155840"]
[BlackFideId "6314210"]
[WhiteElo "2314"]
[BlackElo "2106"]
[Result "1-0"]
[Round "8"]
[TimeControl "180+2"]
[Date "2023.06.13"]
[WhiteClock "0:01:04"]
[BlackClock "0:00:05"]
[Board "92"]

1. Nf3 Nf6 2. e3 g6 3. b3 Bg7 4. Bb2 O-O 5. c4 d6 6. Be2 e5 7. O-O Nc6 8. d4 exd4 9. Nxd4 Bd7 10. Nc3 Nxd4 11. exd4 c6 12. Bf3 Re8 13. d5 c5 14. Qd2 a6 15. Rfe1 Rxe1+ 16. Rxe1 Qf8 17. Nd1 Re8 18. Rxe8 Qxe8 19. Ne3 h5 20. Qc2 Bf5 21. Qc1 Be4 22. Qa1 Bxf3 23. Bxf6 Bh6 24. gxf3 Bxe3 25. Qe1 1-0


[Site "https://www.chess.com"]

[Event "Titled Tuesday Blitz June 13 Late 2023"]
[White "Pert, Richard G"]
[Black "FuenfgegenWilly"]
[WhiteFideId "404748"]
[WhiteElo "2441"]
[BlackElo "2402"]
[Result "0-1"]
[Round "8"]
[TimeControl "180+2"]
[Date "2023.06.13"]
[WhiteClock "0:00:16"]
[BlackClock "0:01:29"]
[Board "93"]

1. d4 Nf6 2. Nc3 e6 3. e4 d5 4. e5 Nfd7 5. f4 c5 6. Nf3 Nc6 7. Be3 Qb6 8. a3 cxd4 9. Nxd4 Nxd4 10. Bxd4 Bc5 11. Na4 Qa5+ 12. b4 Qxa4 13. bxc5 b6 14. cxb6 axb6 15. Rb1 Ba6 16. Bxa6 Rxa6 17. Rb3 O-O 18. O-O Nc5 19. Rh3 Ne4 20. f5 exf5 21. Rxf5 b5 22. e6 Rxe6 23. Rxd5 Nf6 24. Rg5 Rd8 25. Rd3 Red6 26. Bxf6 Rxd3 27. Rxg7+ Kf8 28. Qh5 Rd1+ 29. Kf2 Qxc2+ 30. Kg3 R1d3+ 31. Kh4 Qf2+ 32. Kg5 R3d5+ 33. Kh6 Qxf6+ 0-1


[Site "https://www.chess.com"]

[Event "Titled Tuesday Blitz June 13 Late 2023"]
[White "Martins, Vinicius Tine"]
[Black "Mazurkiewicz, Michal"]
[WhiteFideId "2112884"]
[BlackFideId "1124943"]
[WhiteElo "2373"]
[BlackElo "2063"]
[Result "0-1"]
[Round "8"]
[TimeControl "180+2"]
[Date "2023.06.13"]
[WhiteClock "0:00:03"]
[BlackClock "0:00:04"]
[Board "94"]

1. e4 d6 2. d4 Nf6 3. Nc3 c6 4. a4 e5 5. Nge2 Be7 6. h3 O-O 7. g4 Re8 8. Bg2 exd4 9. Qxd4 d5 10. e5 Nfd7 11. f4 f6 12. exf6 Bxf6 13. Qd3 Nc5 14. Qf3 d4 15. b4 d3 16. Kf2 d2 17. bxc5 dxc1=Q 18. Raxc1 Nd7 19. g5 Be7 20. Kg3 Nxc5 21. Rcd1 Qc7 22. h4 Ne6 23. Bh3 g6 24. Nd4 Ng7 25. Bxc8 Raxc8 26. h5 Nxh5+ 27. Rxh5 gxh5 28. Qxh5 Bd6 29. Nf5 Rf8 30. g6 Bxf4+ 31. Kg4 h6 32. Rd4 Bg5 33. Ne4 Qe5 34. Nxg5 Qxf5+ 35. Kh4 Qxg5+ 36. Qxg5 hxg5+ 37. Kxg5 Rcd8 38. Rf4 Rd5+ 0-1


[Site "https://www.chess.com"]

[Event "Titled Tuesday Blitz June 13 Late 2023"]
[White "Avalos Parra, Joao"]
[Black "Shapiro, Viktor"]
[WhiteFideId "3402541"]
[BlackFideId "4175700"]
[WhiteElo "2173"]
[BlackElo "2212"]
[Result "1/2-1/2"]
[Round "8"]
[TimeControl "180+2"]
[Date "2023.06.13"]
[WhiteClock "0:00:10"]
[BlackClock "0:00:10"]
[Board "95"]

1. d4 Nf6 2. c4 e6 3. Nf3 b6 4. a3 Bb7 5. Nc3 Be7 6. Qc2 d5 7. cxd5 exd5 8. Bf4 a6 9. e3 Nbd7 10. Bd3 c5 11. O-O Rc8 12. Ne5 cxd4 13. exd4 O-O 14. Qe2 b5 15. Rfe1 Re8 16. Qf3 Nf8 17. Qh3 Ng6 18. Bg3 Bf8 19. Bf5 Ra8 20. Nd3 Ne4 21. Ne5 Nxg3 22. Qxg3 Nxe5 23. Rxe5 Qf6 24. Rae1 Rxe5 25. Qxe5 Qxe5 26. Rxe5 Rd8 27. Kf1 Bd6 28. Re1 g6 29. Bd3 b4 30. axb4 Bxb4 31. Ra1 a5 32. Rc1 Kf8 33. Na4 Rc8 34. Rxc8+ Bxc8 35. Nb6 Bb7 36. Ke2 Ke7 37. f4 Kd6 38. g4 Kc7 39. Na4 Bd6 40. Ke3 Bc8 41. h3 h6 42. Nc3 Bb7 43. Bb5 g5 44. fxg5 hxg5 45. Be8 f6 46. Bg6 Bf4+ 47. Kd3 Bc6 48. Bf7 Kd6 49. Bg8 Bg3 50. Bf7 Be1 51. Bg8 a4 52. Ne2 Bb4 53. Nc3 a3 54. bxa3 Bxa3 55. Bf7 Bb4 56. Bg8 Ba5 57. Ne2 Bb5+ 58. Ke3 Be1 59. Nc1 Bc4 60. Nd3 Bc3 61. Nf2 Bb2 62. Nh1 Bc1+ 63. Kf2 Bd2 64. Ng3 Bf4 65. Nf5+ Kd7 66. Kf3 Bc1 67. Ne3 Bxe3 68. Kxe3 Kd6 69. Bh7 Bb5 70. Bf5 Bf1 71. Kf2 Bxh3 72. Bc8 Kc7 73. Bf5 Kd6 74. Bc8 Kc7 75. Be6 Kd6 76. Bf5 Kc7 77. Be6 Kd6 78. Bf5 Kc7 79. Be6 1/2-1/2


[Site "https://www.chess.com"]

[Event "Titled Tuesday Blitz June 13 Late 2023"]
[White "Petesch, Gabriel"]
[Black "Melikhov, Evgeny V."]
[WhiteFideId "2032465"]
[BlackFideId "4122046"]
[WhiteElo "2374"]
[BlackElo "2158"]
[Result "1-0"]
[Round "8"]
[TimeControl "180+2"]
[Date "2023.06.13"]
[WhiteClock "0:00:13"]
[BlackClock "0:00:00"]
[Board "96"]

1. Nf3 f5 2. d3 d6 3. e4 e5 4. Nc3 c5 5. g3 fxe4 6. dxe4 Be6 7. Bg2 Nc6 8. Ng5 Qd7 9. Nd5 O-O-O 10. Nxe6 Qxe6 11. c3 Nf6 12. b4 Kb8 13. Rb1 cxb4 14. Qa4 Nxd5 15. exd5 Qf5 16. dxc6 Qxb1 17. c7+ Kxc7 18. Qa5+ Kd7 19. Bh3+ Ke8 20. Qb5+ Kf7 21. Qd5+ Ke8 22. Qb5+ Kf7 23. O-O Qe4 24. Bg2 Qf5 25. f4 1-0


[Site "https://www.chess.com"]

[Event "Titled Tuesday Blitz June 13 Late 2023"]
[White "Osmak, Yuliia"]
[Black "Hoffmann, Asa"]
[WhiteFideId "14101602"]
[BlackFideId "2001470"]
[WhiteElo "2303"]
[BlackElo "2117"]
[Result "1-0"]
[Round "8"]
[TimeControl "180+2"]
[Date "2023.06.13"]
[WhiteClock "0:00:20"]
[BlackClock "0:00:43"]
[Board "97"]

1. b3 d6 2. Bb2 e5 3. e3 f5 4. Nf3 Nf6 5. d4 e4 6. Nfd2 d5 7. c4 c6 8. Nc3 Bd6 9. Be2 f4 10. Qc2 O-O 11. O-O-O Bf5 12. c5 Bc7 13. b4 Bg6 14. b5 Nbd7 15. Nb3 a6 16. b6 Bb8 17. Na5 Qc8 18. g3 f3 19. Bf1 Ng4 20. h3 Nh6 21. a4 Nf6 22. Na2 Nf5 23. Rg1 Bxg3 24. Rxg3 Nxg3 25. fxg3 Nh5 26. Qf2 Qb8 27. g4 Qg3 28. Rd2 Qxf2 29. Rxf2 Ng3 30. Nxb7 h5 31. Nb4 Rf6 32. Nd6 hxg4 33. hxg4 Nh1 34. Rh2 Ng3 35. Bxa6 f2 36. Rxf2 Rxf2 37. b7 Rff8 38. bxa8=Q Rxa8 39. Kc2 Nf1 40. Bxf1 Be8 41. Nxe8 Rxe8 42. Nxc6 Ra8 43. Bb5 Kf7 44. Ne5+ Kf6 45. c6 Ke7 46. Ba3+ Kd8 47. Bd6 Kc8 48. c7 Ra7 49. Bd7+ Kb7 50. c8=Q+ 1-0


[Site "https://www.chess.com"]

[Event "Titled Tuesday Blitz June 13 Late 2023"]
[White "Toniutti, Ezio"]
[Black "Bogaudinov, Rushan"]
[WhiteFideId "113034"]
[BlackFideId "4129288"]
[WhiteElo "2215"]
[BlackElo "1967"]
[Result "1-0"]
[Round "8"]
[TimeControl "180+2"]
[Date "2023.06.13"]
[WhiteClock "0:00:12"]
[BlackClock "0:00:15"]
[Board "98"]

1. d4 Nf6 2. c4 e6 3. g3 c5 4. d5 b5 5. e4 bxc4 6. Nc3 Bb7 7. Bxc4 h5 8. Nf3 h4 9. O-O hxg3 10. hxg3 Ng4 11. Kg2 Qf6 12. Bg5 Qg6 13. Rh1 Rxh1 14. Qxh1 f6 15. Bd2 Na6 16. Qh3 O-O-O 17. Nh4 Qh5 18. Be2 f5 19. Rh1 exd5 20. Nxf5 Qxh3+ 21. Rxh3 Nf6 22. exd5 Nxd5 23. Bf3 Nxc3 24. Bxc3 Bxf3+ 25. Kxf3 d5 26. Bxg7 d4 27. Ke2 Nb4 28. Kd2 Bxg7 29. Nxg7 Nxa2 30. Ne6 Rd6 31. Nxc5 Nb4 32. Nd3 Rb6 33. Rh8+ Kd7 34. Rh7+ Kd6 35. Rh6+ Kd5 36. Rxb6 Nxd3 37. Kxd3 axb6 38. f4 b5 39. g4 b4 40. b3 Kc5 41. Ke4 d3 42. Kxd3 Kd5 43. g5 Ke6 44. Ke4 Kd6 45. f5 Ke7 46. Ke5 Kf7 47. g6+ Kg7 48. Ke6 Kf8 49. Kf6 Ke8 50. Kg7 Kd7 51. Kh7 Kd6 52. g7 Kd5 53. g8=Q+ Kc5 54. Qc4+ Kd6 55. Qxb4+ Ke5 56. Qc4 Kf6 57. b4 Kg5 58. b5 Kf6 59. b6 Ke7 60. b7 Kd7 61. b8=Q Ke7 62. Qe6# 1-0


[Site "https://www.chess.com"]

[Event "Titled Tuesday Blitz June 13 Late 2023"]
[White "Ai, Evan"]
[Black "el_sporco"]
[WhiteFideId "2094770"]
[WhiteElo "1963"]
[BlackElo "2369"]
[Result "1-0"]
[Round "8"]
[TimeControl "180+2"]
[Date "2023.06.13"]
[WhiteClock "0:02:37"]
[BlackClock "0:01:37"]
[Board "99"]

1. e4 c5 2. Nf3 d6 3. d4 cxd4 4. Nxd4 Nf6 5. Nc3 a6 6. h3 e6 7. g4 h6 8. Bg2 Be7 9. Be3 Nc6 10. Qe2 Nd7 11. O-O-O Qc7 12. f4 b5 13. Nxc6 Qxc6 14. e5 d5 15. Nxd5 Bb7 16. Nf6+ gxf6 17. Bxc6 Bxc6 18. Rhf1 fxe5 19. fxe5 Nxe5 20. Bd4 1-0


[Site "https://www.chess.com"]

[Event "Titled Tuesday Blitz June 13 Late 2023"]
[White "whiteglovethief"]
[Black "Quinones Garcia, Santiago"]
[BlackFideId "4408497"]
[WhiteElo "2474"]
[BlackElo "2173"]
[Result "1-0"]
[Round "8"]
[TimeControl "180+2"]
[Date "2023.06.13"]
[WhiteClock "0:01:51"]
[BlackClock "0:02:04"]
[Board "101"]

1. d4 Nf6 2. c4 g6 3. Nc3 d5 4. cxd5 Nxd5 5. e4 Nxc3 6. bxc3 Bg7 7. Nf3 c5 8. Rb1 O-O 9. Be2 cxd4 10. cxd4 Qa5+ 11. Bd2 Qxa2 12. O-O Bg4 13. Bg5 Nc6 14. Rxb7 Bxf3 15. Bxf3 Nxd4 16. Bxe7 Rfe8 17. Rd7 Nxf3+ 18. gxf3 a5 19. Qd5 Qb2 20. Bd8 Qf6 21. Bxf6 1-0


[Site "https://www.chess.com"]

[Event "Titled Tuesday Blitz June 13 Late 2023"]
[White "The_Straightforward_Rook"]
[Black "Zavortink, Matt"]
[BlackFideId "2034263"]
[WhiteElo "2366"]
[BlackElo "2471"]
[Result "0-1"]
[Round "8"]
[TimeControl "180+2"]
[Date "2023.06.13"]
[WhiteClock "0:01:30"]
[BlackClock "0:01:09"]
[Board "102"]

1. Nf3 Nf6 2. c4 g6 3. Nc3 Bg7 4. e4 d6 5. d4 O-O 6. Be2 e5 7. O-O exd4 8. Nxd4 Re8 9. f3 Nc6 10. Nc2 Nh5 11. Kh1 Be5 12. f4 Bxc3 13. bxc3 Nf6 14. Bf3 Nxe4 15. Qd3 Bf5 16. Bxe4 Bxe4 17. Qd2 Qh4 18. Nd4 Na5 19. f5 Nxc4 20. Qh6 Qg4 21. Rf3 Bxf3 22. gxf3 Re1# 0-1


[Site "https://www.chess.com"]